 Dungeon Crawl Stone Soup version 0.28-a0-224-g76b539d98b (webtiles) character file.

Game seed: 9071463103965815802

5732 Conn the Firebug (level 10, -8/56 HPs)
             Began as an Octopode Fire Elementalist on Aug 21, 2021.
             Was a Priest of Sif Muna.
             Killed from afar by an orc wizard (25 damage)
             ... with a bolt of acid
             ... on level 9 of the Dungeon.
             The game lasted 00:27:03 (11247 turns).

Conn the Firebug (Octopode Fire Elementalist)      Turns: 11247, Time: 00:27:04

Health: -8/56      AC:  1    Str: 14    XL:     10   Next: 77%
Magic:  13/17      EV: 14    Int: 27    God:    Sif Muna [***...]
Gold:   400        SH:  0    Dex: 12    Spells: 2/22 levels left

rFire   + . .      SeeInvis .   o - +4 quarterstaff (chaos)
rCold   . . .      Faith    .   (shield currently unavailable)
rNeg    . . .      Spirit   .   (helmet restricted)
rPois   +          Reflect  .   (no amulet)
rElec   .          Harm     .   d - +6 ring of strength
rCorr   .          Rampage  .   q - +6 ring of intelligence
Will    +....                   k - ring of protection from fire
Stlth   ++++......              C - ring of willpower
HPRegen 0.18/turn               z - ring of poison resistance
MPRegen 0.15/turn               (no ring)
                                (no ring)
                                (no ring)

@: no status effects
A: almost no armour, amphibious, 8 rings, camouflage 1, gelatinous body 1,
(nimble swimmer 1), tentacles, frail 1, low mp 1, wild magic 1
a: Renounce Religion, Channel Magic, Forget Spell


You were on level 9 of the Dungeon.
You worshipped Sif Muna.
Sif Muna was most pleased with you.
You visited 2 branches of the dungeon, and saw 10 of its levels.
You also visited: Ossuary.

You collected 436 gold pieces.
You spent 36 gold pieces at shops.

Inventory:

Hand Weapons
 j - a +0 short sword
 o - a +4 quarterstaff of chaos (weapon)
 r - a +0 short sword of electrocution
Missiles
 h - 2 silver boomerangs (quivered)
 m - a throwing net
Jewellery
 d - a +6 ring of strength (left tentacle)
 k - a ring of protection from fire (on tentacle)
 q - a +6 ring of intelligence (right tentacle)
 z - a ring of poison resistance (on tentacle)
 C - a ring of willpower (on tentacle)
Wands
 g - a wand of paralysis (6)
 n - a wand of polymorph (32)
 D - a wand of acid (6)
 E - a wand of flame (24)
 H - a wand of digging (3)
Scrolls
 a - a scroll of fog
 b - 3 scrolls of immolation
 c - a scroll of noise {unknown}
 f - 3 scrolls of fear
 i - 3 scrolls of magic mapping
 l - 3 scrolls of teleportation
 p - 2 scrolls of blinking {unknown}
 s - a scroll of enchant weapon {unknown}
 t - a scroll of acquirement {unknown}
 y - 2 scrolls of summoning {unknown}
 F - a scroll of vulnerability {unknown}
 G - 2 scrolls of amnesia {unknown}
Potions
 e - 2 potions of flight
 u - 4 potions of curing
 v - 4 potions of resistance
 w - a potion of invisibility
 x - 2 potions of magic
 A - a potion of might
 B - a potion of ambrosia


   Skills:
 + Level 4.1 Fighting
 + Level 1.0 Short Blades
 + Level 6.2 Staves
 + Level 1.0 Throwing
 + Level 4.1 Dodging
 + Level 6.5 Stealth
 + Level 6.5 Spellcasting
 * Level 6.2 Conjurations
 + Level 1.3 Hexes
 * Level 7.8 Fire Magic
 * Level 1.2 Ice Magic
 * Level 3.6 Invocations


You had 2 spell levels left.
You knew the following spells:

 Your Spells              Type           Power      Damage    Failure   Level
a - Foxfire               Conj/Fire      100%       2x1d9     1%          1
b - Conjure Flame         Conj/Fire      57%        6-21      2%          3
c - Inner Flame           Hex/Fire       43%        N/A       4%          3
d - Sticky Flame          Conj/Fire      57%        2d7       5%          4
e - Fireball              Conj/Fire      28%        3d12      14%         5
f - Hailstorm             Conj/Ice       38%        3d9       19%         4

Your spell library contained the following spells:

 Spells                   Type           Power      Damage    Failure   Level
 Freeze                   Ice            80%        1d9       6%          1
 Corpse Rot               Necr/Air       N/A        N/A       14%         2
 Poisonous Vapours        Pois/Air       22%        N/A       14%         2
 Frozen Ramparts          Ice            40%        1d6       16%         3
 Cause Fear               Hex            10%        N/A       43%         4
 Freezing Cloud           Conj/Ice/Air   14%        6-21      61%         5
 Dragon Form              Tmut           5%         N/A       100%        7
 Dragon's Call            Summ           5%         N/A       100%        9


Dungeon Overview and Level Annotations

Branches:
Dungeon (9/15)             Temple (1/1) D:5         Ossuary (visited)
   Lair: D:8-11         Orc: D:9-12

Altars:
Ashenzari
Elyvilon
Fedhas
Kikubaaqudgha
Makhleb
Nemelex Xobeh
Okawaru
Qazlal
Ru
Sif Muna
Trog
Uskayaw
Vehumet
Wu Jian
Xom
Yredelemnul
Zin
The Shining One
Lugonu

Shops:
D:5 !

Annotations:
D:3 1 runed translucent door, twist's ghost, amateur DjWz


Innate Abilities, Weirdness & Mutations

You cannot wear most types of armour.
You are amphibious.
You can wear up to eight rings at the same time.
Your skin changes colour to match your surroundings (Stealth+).
Your rubbery body absorbs attacks. (AC +1, EV +1)
((You are camouflaged near water. (Stealth+)))
You have tentacles for arms and can constrict up to eight enemies at once.
You are frail. (-10% HP)
Your magical capacity is low. (-10% MP)
Your spells are a little harder to cast, but a little more powerful.


Message History

Unknown command.
Casting: Sticky Flame (dangerous; 6% risk of failure)
Confirm with . or Enter, or press ? or * to list all spells.
You don't have enough magic to cast this spell.
The orc warrior hits you with a +0 dire flail!
Unknown command.
Casting: Sticky Flame (dangerous; 6% risk of failure)
Confirm with . or Enter, or press ? or * to list all spells.
Aiming: Sticky Flame (dangerous; 6% risk of failure)
Press: ? - help, Shift-Dir - straight line, f - orc warrior
Aim: an orc warrior, wielding a +0 dire flail and wearing a +0 chain mail (100% to hit)
The sticky flame hits the orc warrior.
The orc warrior is lightly wounded.
The orc warrior is covered in liquid flames!
The orc warrior burns!
The orc warrior barely misses you.
The orc warrior burns!
You hit the orc warrior. Your grab misses the orc warrior.
You squeeze the orc warrior!
The orc warrior is severely wounded.
The orc warrior burns!
An orc wizard appears from thin air!
Reactivating autopickup.
The orc warrior closely misses you.
You sock the orc warrior! You freeze the orc warrior.
You kill the orc warrior!
Sif Muna accepts your kill.
You feel less invigorated.
The orc wizard zaps a wand.
The bolt of acid hits you!
You are splashed with acid!
The orc wizard zaps a wand.
The bolt of acid misses you.
Things that are here:
a +0 dire flail; a +0 chain mail
Casting: Sticky Flame (dangerous; 5% risk of failure)
Confirm with . or Enter, or press ? or * to list all spells.
Aiming: Sticky Flame (dangerous; 5% risk of failure)
Press: ? - help, Shift-Dir - straight line, f - orc wizard
Aim: an orc wizard, wielding a +0 dagger, wearing a +0 robe and carrying a wand of acid (2) (100% to hit)
The sticky flame hits the orc wizard!
The orc wizard is heavily wounded.
The orc wizard is covered in liquid flames!
The orc wizard burns!
The orc wizard zaps a wand.
The bolt of acid hits you!!
You die...

#.........# #.....###'†##
#.(.......# #......#.'.#
####'######## #########'o#
#.......## #.!.#..'.##
#.#####..### ###.###..#..# #.#
##...# #.....#####.#
#.############# ####...........#
#.#≈≈≈≈§≈≈≈≈≈≈####.............##
#.'...§§.....≈#.@o.##............
###≈.........§#######........(###
#≈.........≈# #.........#
#≈.........≈# #.........#
#≈.........≈# #.........#
#≈....≈....§#######.........#
#≈.........≈#...............#
#§.........≈#.###############
#≈.....§§§§≈#.#


You could see an orc wizard (burning).

Vanquished Creatures
  A two-headed ogre (D:8)
  Joseph (D:8)
  Psyche (D:8)
  7 yaks
  A steam dragon (D:8)
  Eustachio (D:4)
  A water moccasin (D:4)
  An acid dragon (D:9)
  An ice beast (D:7)
  2 orc warriors (D:9)
  A black bear (D:8)
  A necrophage (D:4)
  2 centaurs
  A phantom (D:4)
  2 bullfrogs
  3 scorpions
  A gnoll sergeant (D:9)
  A water moccasin skeleton (D:5)
  10 killer bees
  5 wights (D:8)
  5 centaur zombies
  A lava snake (D:9)
  A bullfrog zombie (D:7)
  Crazy Yiuf (D:3)
  A hound (D:4)
  3 jellies
  2 gnoll shamans
  2 orc priests
  4 iguanas (D:6)
  3 centaur skeletons
  A scorpion zombie (D:5)
  2 orc wizards (D:4)
  A killer bee zombie (D:6)
  A centaur simulacrum (D:9)
  A hound zombie (D:5)
  2 hound skeletons
  2 mummies (Ossuary)
  3 howler monkey zombies (D:9)
  15 gnolls
  6 adders
  A shadow imp (D:7)
  A worm (D:3)
  A dart slug (D:3)
  17 orcs
  7 bats
  2 endoplasms
  A giant cockroach (D:4)
  5 goblins
  9 hobgoblins
  9 jackals
  A quokka (D:2)
  9 ball pythons
  3 frilled lizards
  2 goblin zombies (Ossuary)
  9 hobgoblin zombies (Ossuary)
  2 jackal zombies (Ossuary)
  7 kobolds
  12 kobold zombies (Ossuary)
  7 orc zombies (Ossuary)
  A rat (D:2)
  3 rat zombies (Ossuary)
210 creatures vanquished.

Vanquished Creatures (collateral kills)
  A hound (D:5)
1 creature vanquished.

Vanquished Creatures (others)
  A demonic plant (D:1)
  553 foxfires
  5 withered plants (D:5)
559 creatures vanquished.

Grand Total: 770 creatures vanquished

Notes
Turn   | Place    | Note
-------+----------+-------------------------------------------
     0 | D:1      | Conn the Octopode Fire Elementalist began the quest for the
                  | Orb.
     0 | D:1      | Reached XP level 1. HP: 11/11 MP: 3/3
    28 | D:1      | Found a faded altar of an unknown god.
   314 | D:1      | Reached XP level 2. HP: 17/17 MP: 1/5
  1009 | D:2      | Reached XP level 3. HP: 21/21 MP: 1/6
  2267 | D:2      | Reached skill level 4 in Fire Magic
  2485 | D:3      | Found a runed translucent door.
  2485 | D:3      | Noticed twist's ghost (amateur DjWz)
  2496 | D:3      | Learned a level 3 spell: Conjure Flame
  2521 | D:3      | Reached XP level 4. HP: 27/27 MP: 7/7
  2597 | D:3      | Found a stormy altar of Qazlal.
  2609 | D:3      | Found a glowing silver altar of Zin.
  2887 | D:3      | Found a burning altar of Makhleb.
  2919 | D:3      | Found a runed translucent door.
  2920 | D:3      | Noticed Crazy Yiuf
  2952 | D:3      | Killed Crazy Yiuf
  3422 | D:4      | Noticed Eustachio
  3429 | D:4      | Killed Eustachio
  3430 | D:4      | Reached skill level 1 in Staves
  3430 | D:4      | Reached XP level 5. HP: 18/32 MP: 9/9
  3430 | D:4      | Reached XP level 6. HP: 21/37 MP: 10/10
  3477 | D:4      | Noticed a necrophage
  3483 | D:4      | Killed a necrophage
  3484 | D:4      | Reached skill level 5 in Stealth
  3671 | D:4      | Learned a level 3 spell: Inner Flame
  3676 | D:4      | Learned a level 4 spell: Sticky Flame
  3871 | D:4      | Found a glowing golden altar of the Shining One.
  3880 | D:4      | Reached skill level 1 in Fighting
  3880 | D:4      | Reached skill level 1 in Short Blades
  3880 | D:4      | Reached skill level 1 in Throwing
  3880 | D:4      | Reached XP level 7. HP: 24/43 MP: 6/11
  4349 | D:4      | Found an iron altar of Okawaru.
  4407 | D:4      | Found a radiant altar of Vehumet.
  4407 | D:4      | Found a hide-covered altar of Uskayaw.
  4408 | D:4      | Found a sacrificial altar of Ru.
  5175 | D:5      | Entered Level 5 of the Dungeon
  5191 | D:5      | Found a white marble altar of Elyvilon.
  5349 | D:5      | Reached XP level 8. HP: 50/50 MP: 7/13
  5412 | D:5      | Reached skill level 5 in Fire Magic
  5487 | D:5      | Found a staircase to the Ecumenical Temple.
  5502 | Temple   | Entered the Ecumenical Temple
  5518 | Temple   | Became a worshipper of Sif Muna the Loreminder
  5638 | D:5      | Found Jichedez's Distillery.
  5643 | D:5      | Bought a potion of curing for 36 gold pieces
  6670 | D:6      | Gained mutation: You are frail. (-10% HP) [potion of
                  | mutation]
  6670 | D:6      | Gained mutation: Your magical capacity is low. (-10% MP)
                  | [potion of mutation]
  6670 | D:6      | Gained mutation: Your spells are a little harder to cast,
                  | but a little more powerful. [potion of mutation]
  7103 | D:6      | Found a sand-covered staircase.
  7108 | Ossuary  | Entered an ossuary
  7125 | Ossuary  | Reached * piety under Sif Muna
  7391 | Ossuary  | Reached ** piety under Sif Muna
  7931 | D:6      | Reached XP level 9. HP: 40/49 MP: 14/14
  8074 | D:6      | Reached skill level 5 in Spellcasting
  8956 | D:8      | Reached skill level 5 in Staves
  8956 | D:8      | Reached skill level 6 in Fire Magic
  9126 | D:8      | Noticed a two-headed ogre
  9135 | D:8      | Killed a two-headed ogre
  9136 | D:8      | Reached skill level 5 in Conjurations
  9260 | D:8      | Reached XP level 10. HP: 56/56 MP: 3/17
  9355 | D:8      | Noticed Psyche
  9363 | D:8      | Noticed Joseph
  9374 | D:8      | Killed Psyche
  9421 | D:8      | Reached skill level 1 in Hexes
  9505 | D:8      | Killed Joseph
  9506 | D:8      | Reached skill level 7 in Fire Magic
  9857 | D:8      | Found the +10 Black Knight's barding {ponderous, rPois rN+}
 10091 | D:8      | Learned a level 5 spell: Fireball
 10096 | D:8      | Learned a level 4 spell: Hailstorm
 10578 | D:9      | Reached *** piety under Sif Muna
 10799 | D:9      | Reached skill level 1 in Invocations
 10948 | D:9      | Reached skill level 1 in Ice Magic
 11247 | D:9      | Killed from afar by an orc wizard

Illustrated notes

Levels and vault maps discovered:
D:1:      dpeg_arrival_lava_temple_mockup, layout_loops_cross,
          shapermc_ecumenical_altar_gd
D:2:      layout_loops_corners, chequers_serial_rivers_small_b
D:3:      layout_loops_ring, nicolae_qazlal_general_emergency, zin_academy,
          lightli_temple_of_fire, gammafunk_ghost_grave, minmay_circle_x,
          uniq_crazy_yiuf_cottage
D:4:      layout_loops_corners, general_overflow_altar,
          mainiacjoe_overflow_alcove_1, grunt_temple_overflow_open,
          uniq_eustachio
D:5:      layout_basic, elyvilon_altar_3, temple_statues, serial_undead,
          serial_undead_f, serial_undead_b, serial_undead_a, serial_undead_f,
          serial_shops, kennysheep_mini_moat
D:6:      layout_loops_ring, enter_ossuary_2
D:7:      layout_rooms, skrybe_limestone_x
D:8:      layout_loops_cross, uniq_psyche, uniq_joseph
D:9:      layout_roguey, nicolae_hepliaklqana_monster_ancestors,
          gammafunk_temple_overflow_elements, kennysheep_small_spiral,
          chequers_jeans, hangedman_weighted_door
Temple:   corrupted_temple

Skill      XL: |  1  2  3  4  5  6  7  8  9 10 |
---------------+-------------------------------+-----
Stealth        | 3 4 5 6 |  6.5
Fire Magic     | 4 5 6 7 |  7.8
Staves         | 1 2 3 4 6 |  6.2
Spellcasting   | 3 4 5 6 |  6.5
Conjurations   | 2 3 5 6 |  6.2
Fighting       | 1 2 3 4 |  4.1
Short Blades   | 1 |  1.0
Throwing       | 1 |  1.0
Dodging        | 3 4 |  4.1
Hexes          | 1 |  1.3
Invocations    | 3 |  3.6
Ice Magic      | 1 |  1.2

Action                   |  1- 3 |  4- 6 |  7- 9 | 10-12 || total
-------------------------+-------+-------+-------+-------++-------
Melee: Unarmed           |    20 |       |       |       ||    20
       Constrict         |     6 |     5 |    19 |     3 ||    33
       Tentacles         |     3 |     4 |    17 |     4 ||    28
       Short sword       |     4 |     8 |       |       ||    12
       Quarterstaff      |       |    13 |    94 |    41 ||   148
Throw: Boomerang         |       |     6 |       |       ||     6
 Cast: Foxfire           |    55 |    38 |   177 |    66 ||   336
       Conjure Flame     |       |     2 |     1 |     5 ||     8
       Sticky Flame      |       |       |     6 |    12 ||    18
       Inner Flame       |       |       |       |     6 ||     6
       Fireball          |       |       |       |     3 ||     3
Invok: Channel Magic     |       |       |       |     1 ||     1
  Use: Scroll            |       |       |     8 |     2 ||    10
       Potion            |       |       |     5 |     7 ||    12
 Stab: Sleeping          |     5 |     3 |     2 |     2 ||    12
       Distracted        |       |     1 |       |       ||     1
Armor: Skin              |     8 |     1 |    10 |     1 ||    20
Dodge: Dodged            |    34 |    20 |    96 |    34 ||   184

Table legend: (Time is in decaauts)
 A = Elapsed time spent in this place.
 B = Non-inter-level travel time spent in this place.
 C = Inter-level travel time spent in this place.
 D = Time resting spent in this place.
 E = Time spent auto-exploring this place.
 F = Levels seen in this place.
 G = Mean time per level.
                   A        B        C        D        E       F      G
               +--------+--------+--------+--------+--------+-----+--------+
         Total |  11220 |  11076 |    144 |   1341 |   7063 |  11 | 1020.0 |
       Dungeon |  10684 |  10550 |    134 |   1262 |   6930 |   9 | 1187.1 |
        Temple |     32 |     22 |     10 |      0 |      0 |   1 |   32.0 |
       Ossuary |    502 |    502 |      0 |     79 |    133 |   1 |  502.0 |
               +--------+--------+--------+--------+--------+-----+--------+

Top non-repeatable levels by time:
     D:4: 1740 daAuts
     D:8: 1590 daAuts
     D:2: 1520 daAuts
     D:5: 1420 daAuts
     D:6: 1075 daAuts
     D:3: 1060 daAuts
     D:1: 843 daAuts
     D:9: 772 daAuts
     D:7: 662 daAuts
 Ossuary: 502 daAuts
  Temple: 32 daAuts
